 Dungeon Crawl Stone Soup version 0.17.1-3-g152610e (webtiles) character file.

271 Peloso the Shield-Bearer (level 6, 0/53 HPs)
             Began as a Minotaur Fighter on Mar 25, 2016.
             Slain by a gnoll
             ... wielding a +0 halberd
              (7 damage)
             ... on level 4 of the Dungeon.
             The game lasted 00:05:56 (2136 turns).

Peloso the Shield-Bearer (Minotaur Fighter)         Turns: 2136, Time: 00:05:56

Health: 0/53       AC:  8    Str: 26    XL:     6   Next: 2%
Magic:  5/5        EV:  9    Int:  5    God:
Gold:   160        SH: 10    Dex: 11    Spells: 0 memorised, 5 levels left

rFire  . . .     SeeInvis .     z - +2 falchion (flame)
rCold  . . .     Clarity  .     b - +0 scale mail
rNeg   . . .     SustAt   .     c - +0 shield
rPois  .         Gourm    .     (helmet restricted)
rElec  .         Spirit   .     l - +0 cloak
rCorr  .         Warding  .     (no gloves)
rMut   .         Stasis   .     (no boots)
MR     +....                    m - amulet of faith
Stlth  ..........               (no ring)
                                A - ring of protection from magic

@: mighty, somewhat resistant to hostile enchantments, extremely unstealthy
A: retaliatory headbutt, horns 2
a: no special abilities


You were on level 4 of the Dungeon.
You were not hungry.

You visited 1 branch of the dungeon, and saw 4 of its levels.

You collected 160 gold pieces.

Inventory:

Hand Weapons
 a - a +0 long sword
 z - a +2 falchion of flaming (weapon)
Armour
 b - a +0 scale mail (worn)
 c - a +0 shield (worn)
 l - a +0 cloak (worn)
Jewellery
 m - an amulet of faith (around neck)
 A - a ring of protection from magic (left hand)
Scrolls
 f - 2 scrolls of teleportation {unknown}
 i - 5 scrolls of remove curse {unknown}
 j - a scroll of amnesia {unknown}
 k - a scroll of enchant armour {unknown}
 o - 6 scrolls of identify {unknown}
 w - a scroll of noise {unknown}
 x - a scroll of fear {unknown}
 y - a scroll of random uselessness {unknown}
 B - a scroll of recharging {unknown}
Potions
 g - 2 potions of degeneration {unknown}
 n - a potion of flight {unknown}
 p - 2 potions of heal wounds {unknown}
 q - 2 potions of haste {unknown}
 r - a potion of invisibility {unknown}
 s - a potion of ambrosia {unknown}
 t - 2 potions of curing {unknown}
 u - a potion of cancellation {unknown}
Comestibles
 e - 4 bread rations
 h - 2 beef jerkies
 v - 3 chunks of flesh
 C - a meat ration


   Skills:
 + Level 4.4 Fighting
 + Level 3.6 Long Blades
 + Level 5.0 Armour
 + Level 2.5 Dodging
 + Level 0.1 Stealth
 + Level 5.4 Shields


You had 5 spell levels left.
You didn't know any spells.

Dungeon Overview and Level Annotations

Branches:
Dungeon (4/15)
 Temple: D:4-7

Altars:
Elyvilon
The Shining One


Innate Abilities, Weirdness & Mutations

You reflexively headbutt those who attack you in melee.
You have a pair of horns on your head.


Message History

The gnoll hits you from afar with a spear.
* * * LOW HITPOINT WARNING * * *
Unknown command.
The gnoll hits you but does no damage.
You slash the gnoll! You burn the gnoll. You headbutt the gnoll.
You kill the gnoll!
You have reached level 6!
Your experience leads to an increase in your attributes!
Your base attributes are Str 21, Int 5, Dex 10.
Increase (S)trength, (I)ntelligence, or (D)exterity?
You feel agile.
The gnoll shaman calls upon its god to heal something.
You see here a gnoll corpse.
The gnoll barely misses you.
You open the door. The gnoll hits you but does no damage.
There is an open door here.
The gnoll closely misses you. The gnoll closely misses you.
The gnoll hits you from afar with a halberd!
You die...

....####+###..#....#..#
#...# #..#....#..#
#'####... ....#....#..#
..)...........+....#..#
..............#.g..#<.#
###+##........#....#..#
# ########.g..#..# #
..........#..# #
.......@..#..# #
..........#..# # ..
..........#..#....#
#....#
###+##....#..#....#
#....# ###+##..#....#
.....# #..#....# .....#
#..#....# .....#
#..#....# .....#
#..#....#


You could see a gnoll shaman and a gnoll.

Vanquished Creatures
  2 hounds (D:4)
  An orc priest (D:3)
  4 gnolls (D:4)
  7 adders
  A worm (D:3)
  5 giant geckos
  5 orcs (D:3)
  6 goblins
  8 hobgoblins
  3 jackals (D:2)
  5 quokkas
  5 ball pythons
  10 bats
  5 giant cockroaches
  A giant newt (D:2)
  10 kobolds
  5 rats
83 creatures vanquished.

Notes
Turn   | Place    | Note
--------------------------------------------------------------
     0 | D:1      | Peloso the Minotaur Fighter began the quest for the Orb.
     0 | D:1      | Reached XP level 1. HP: 19/19 MP: 0/0
   123 | D:1      | Reached XP level 2. HP: 12/27 MP: 1/1
   162 | D:1      | Reached skill level 4 in Shields
   361 | D:1      | Reached skill level 1 in Dodging
   749 | D:2      | Reached XP level 3. HP: 31/33 MP: 2/2
  1080 | D:2      | Found a glowing golden altar of the Shining One.
  1131 | D:3      | Reached XP level 4. HP: 38/40 MP: 3/3
  1170 | D:3      | Found a white marble altar of Elyvilon.
  1520 | D:3      | Reached skill level 5 in Shields
  1520 | D:3      | Reached XP level 5. HP: 33/46 MP: 4/4
  1840 | D:3      | Found a white marble altar of Elyvilon.
  2116 | D:4      | Reached skill level 5 in Armour
  2118 | D:4      | Reached XP level 6. HP: 3/53 MP: 5/5
  2136 | D:4      | Slain by a gnoll

Action                   |  1- 3 |  4- 6 || total
-------------------------+-------+-------++-------
Melee: Long sword        |   110 |    50 ||   160
       Falchion          |       |    50 ||    50
  Use: Potion            |       |     1 ||     1
  Eat: Chunk             |     1 |     3 ||     4
